 Dungeon Crawl Stone Soup version 0.30-a0-141-g30f27751c5 (webtiles) character file.

Game seed: 4944395846140564658

455 qw the Chopper (level 7, -2/43 HPs)
             Began as a Gargoyle Fighter on Sept 25, 2022.
             Slain by Eustachio
             ... wielding a +0 falchion
              (6 damage)
             ... on level 5 of the Dungeon.
             The game lasted 00:01:29 (3866 turns).

qw the Chopper (Gargoyle Fighter)                   Turns: 3866, Time: 00:01:30

Health: -2/43      AC: 17    Str: 28    XL:     7   Next: 5%
Magic:  7/7        EV:  7    Int:  8    God:
Gold:   207        SH:  4    Dex:  9    Spells: 6/6 levels left

rFire   . . .      SeeInvis .    Y - +1 war axe
rCold   . . .      Faith    .    c - +0 buckler
rNeg    + . .      Spirit   .    b - +0 plate armour
rPois   inf        Reflect  .    (no helmet)
rElec   +          Harm     .    (no cloak)
rCorr   +          Rampage  .    f - +0 pair of gloves
Will    .....                    (no boots)
Stlth   ..........               (no amulet)
HPRegen 0.14/turn                h - ring of resist corrosion
MPRegen 0.10/turn                m - +6 ring of strength

@: about to teleport
A: sickness immunity, AC +4, negative energy resistance 1, electricity
resistance, torment resistance 1, petrification resistance
a: no special abilities


You were on level 5 of the Dungeon.
You visited 1 branch of the dungeon, and saw 5 of its levels.

You collected 207 gold pieces.


Innate Abilities, Weirdness & Mutations

You are immune to sickness and miasma.
Your stone body is resilient. (AC +4)
You are immune to poison.
You resist negative energy. (rN+)
You are resistant to electric shocks. (rElec)
You are resistant to unholy torment.
You are immune to petrification.


   Skills:
 - Level 4.1 Fighting
 + Level 6.0 Axes
 - Level 3.2 Armour
 - Level 1.6 Dodging
 - Level 3.2 Shields


You had 6 spell levels left.
You didn't know any spells.
Your spell library was empty.

Inventory:

Hand Weapons
 l - a +0 flail
 Y - a +1 war axe (weapon)
Armour
 b - a +0 plate armour (worn)
 c - a +0 buckler (worn)
 f - a +0 pair of gloves (worn)
Jewellery
 h - a ring of resist corrosion (left hand)
 m - a +6 ring of strength (right hand)
Scrolls
 a - a scroll of identify
 n - a scroll of teleportation
Potions
 d - a potion of might
 g - a potion of haste
 i - 3 potions of curing
 j - a potion of berserk rage {unknown}
 o - a potion of heal wounds {unknown}

Dungeon Overview and Level Annotations

Branches:
Dungeon (5/15)
 Temple: D:4-7

Altars:

Annotations:
D:5 Eustachio


Message History

The ufetubus hits you but does no damage.
You block the bat's attack.
The ufetubus hits you but does no damage.
The ufetubus barely misses you.
You slash the ufetubus!
You kill the ufetubus!
The ufetubus disappears in a puff of smoke!
You closely miss the bat. The bat completely misses you.
You closely miss Eustachio.
Eustachio is moderately wounded.
Eustachio hits you with a +0 falchion. Eustachio barely misses you.
You barely miss Eustachio.
Eustachio is moderately wounded.
Eustachio hits you but does no damage.
You miss Eustachio.
Eustachio is moderately wounded.
Eustachio casts a spell.
You closely miss Eustachio.
Eustachio is moderately wounded.
You slash the river rat! Eustachio hits you with a +0 falchion!
The river rat closely misses you.
3864 ||| READING 2 scrolls of teleportation.
As you read the scroll of teleportation, it crumbles to dust.
You feel strangely unstable. Eustachio hits you but does no damage.
The river rat bites you but does no damage.
You slash the river rat!
You kill the river rat!
The river rat's corpse disappears in a puff of smoke!
You miss Eustachio.
Eustachio mumbles some strange words.
Eustachio blinks!
You hit Eustachio.
Eustachio is moderately wounded.
You barely miss the river rat. The river rat bites you.
Eustachio screams, "Hey, you killed my favourite bat!"
Eustachio hits you with a +0 falchion.
You die...

# .#
###.####.
#¤rb.....
#@# #@#
#.# ..#
.#.#
#.### #


You could see Eustachio, a river rat (summoned) and a bat (summoned).

Vanquished Creatures
  A wyvern (D:4)
  A phantom (D:4)
  An orc priest (D:4)
  3 orc wizards
  3 adders (D:3)
  A worm (D:4)
  A dart slug (D:2)
  5 orcs
  6 ball pythons
  12 endoplasms
  6 giant cockroaches
  6 goblins
  9 hobgoblins
  6 jackals
  4 quokkas
  4 bats
  4 frilled lizards
  3 kobolds (D:1)
  5 rats
81 creatures vanquished.

Vanquished Creatures (others)
  6 fungi (D:1)
  7 plants (D:1)
13 creatures vanquished.

Grand Total: 94 creatures vanquished

Notes
Turn   | Place    | Note
-------+----------+-------------------------------------------
     0 | D:1      | qw the Gargoyle Fighter began the quest for the Orb.
     0 | D:1      | Reached XP level 1. HP: 14/14 MP: 1/1
     0 | D:1      | 0 ||| qw: Version: 0.2-a-10-g399e6c4
     0 | D:1      | 0 ||| qw: Game counter: 237
     0 | D:1      | 0 ||| qw: Always use a shield: true
     0 | D:1      | 0 ||| qw: God list: Okawaru
     0 | D:1      | 0 ||| qw: Allow faded altars: false
     0 | D:1      | 0 ||| qw: Do Orc after D:15 true
     0 | D:1      | 0 ||| qw: Do second Lair branch before Depths: true
     0 | D:1      | 0 ||| qw: Lair rune preference: random
     0 | D:1      | 0 ||| qw: Plans: Normal, Zot:1-4, God:TSO, Crypt, Tomb,
                  | Pan, Slime:5, Hells, Abyss, Orb
     0 | D:1      | 0 ||| PLANNING D:1-11
    49 | D:1      | Reached skill level 2 in Axes
   188 | D:1      | Reached XP level 2. HP: 19/19 MP: 2/2
   472 | D:1      | Found a faded altar of an unknown god.
   601 | D:1      | Reached skill level 3 in Axes
   654 | D:1      | Reached XP level 3. HP: 23/23 MP: 3/3
  1416 | D:1      | 1416 ||| UPGRADING to +0 chain mail.
  1426 | D:1      | 1426 ||| DROPPING +0 scale mail.
  1427 | D:1      | 1427 ||| READING 2 scrolls labelled RUAPLE OGYARE.
  1428 | D:1      | 1428 ||| READING scroll labelled FUUNLO VUERI.
  1429 | D:1      | 1429 ||| READING scroll labelled IKHUOCWEZO.
  1430 | D:1      | 1430 ||| READING scroll labelled ETZEOLE GIENE.
  1433 | D:1      | 1433 ||| DRINKING 2 fuming blue potions.
  1700 | D:2      | 1700 ||| Stepping ~*~*~tactically~*~*~ (hiding).
  1945 | D:2      | Reached XP level 4. HP: 28/28 MP: 4/4
  2202 | D:2      | 2202 ||| UPGRADING to +0 pair of gloves.
  2207 | D:2      | 2207 ||| DROPPING ring of magical power.
  2208 | D:2      | 2208 ||| READING scroll labelled IWAHUN IPLO.
  2209 | D:2      | 2209 ||| READING 2 scrolls of identify.
  2209 | D:2      | 2209 ||| IDENTIFYING bubbling purple potion
  2263 | D:3      | Reached skill level 4 in Axes
  2441 | D:3      | 2441 ||| Stepping ~*~*~tactically~*~*~ (stealth).
  2467 | D:3      | Reached XP level 5. HP: 18/32 MP: 5/5
  2608 | D:3      | 2608 ||| DROPPING +0 mace.
  2941 | D:3      | 2941 ||| UPGRADING to ring of resist corrosion.
  2942 | D:3      | 2942 ||| UPGRADING to +6 ring of strength.
  2943 | D:3      | 2943 ||| READING scroll labelled XURPHIRCH LUTS.
  2944 | D:3      | 2944 ||| READING 2 scrolls labelled HUCYAB WESCHA.
  2945 | D:3      | 2945 ||| READING scroll labelled GEMOENY SOMEO.
  2946 | D:3      | 2946 ||| DROPPING scroll of magic mapping.
  2991 | D:4      | 2991 ||| Stepping ~*~*~tactically~*~*~ (hiding).
  2993 | D:4      | 2993 ||| FLEEEEING.
  2994 | D:4      | 2994 ||| FLEEEEING.
  2995 | D:4      | 2995 ||| FLEEEEING.
  2996 | D:4      | 2996 ||| FLEEEEING.
  2997 | D:4      | 2997 ||| Stepping ~*~*~tactically~*~*~ (hiding).
  3005 | D:4      | Reached skill level 5 in Axes
  3224 | D:4      | Reached XP level 6. HP: 38/38 MP: 6/6
  3239 | D:4      | Noticed a wyvern
  3249 | D:4      | Killed a wyvern
  3250 | D:4      | Reached skill level 6 in Axes
  3748 | D:4      | 3748 ||| UPGRADING to +0 plate armour.
  3758 | D:4      | 3758 ||| DROPPING +0 chain mail.
  3759 | D:4      | 3759 ||| READING 2 scrolls of identify.
  3759 | D:4      | 3759 ||| IDENTIFYING murky silvery potion
  3760 | D:4      | 3760 ||| DROPPING potion of invisibility.
  3775 | D:5      | Entered Level 5 of the Dungeon
  3775 | D:5      | Noticed Eustachio
  3777 | D:5      | 3777 ||| STAIRDANCE
  3781 | D:5      | 3781 ||| STAIRDANCE
  3792 | D:4      | Reached skill level 1 in Dodging
  3792 | D:4      | Reached XP level 7. HP: 41/43 MP: 7/7
  3863 | D:5      | HP: 6/43 [Eustachio/+0 falchion (7)]
  3864 | D:5      | 3864 ||| READING 2 scrolls of teleportation.
  3866 | D:5      | Slain by Eustachio

Levels and vault maps discovered:
D:1:      ncdulo_lavacross, layout_loops_corners,
          dreamdust_ecumenical_altar_grove, serial_bayou, serial_bayou_pond_b,
          serial_bayou_crossing, serial_bayou_shore_a, serial_bayou_ford_a,
          serial_bayou_lake_a
D:2:      layout_loops_ring
D:3:      layout_rooms
D:4:      layout_cave_pools
D:5:      layout_basic, minmay_temple_entry_mist, uniq_eustachio, uniq_sigmund,
          uniq_edmund

Skill      XL: |  1  2  3  4  5  6 |
---------------+-------------------+-----
Axes           | 2 3 4 5 6 |  6.0
Fighting       | 4 |  4.1
Dodging        | 1 |  1.6
Armour         | |  3.2
Shields        | |  3.2

Action                   |  1- 3 |  4- 6 |  7- 9 || total
-------------------------+-------+-------+-------++-------
Melee: War axe           |   136 |   140 |    51 ||   327
  Use: Scroll            |     4 |     6 |     1 ||    11
       Potion            |     1 |       |       ||     1
Armor: Scale mail        |    56 |       |       ||    56
       Chain mail        |     5 |    77 |       ||    82
       Plate armour      |       |     7 |    43 ||    50
Dodge: Dodged            |    58 |    38 |    27 ||   123
Block: Buckler           |    20 |    33 |    12 ||    65

Table legend:
 A = Non-vault XP
 B = Vault XP
 C = Vault XP percentage of total XP
 D = Non-vault monster count
 E = Vault monster count
 F = Vault count percentage of total count
                 A         B        C        D         E       F
            +---------+---------+-------+---------+---------+-------
      Total |     647 |       4 |   0.6 |      79 |       2 |   2.5
            +---------+---------+-------+---------+---------+-------
        D:1 |      57 |       4 |   6.6 |      32 |       2 |   5.9
        D:2 |      25 |       0 |   0.0 |      13 |       0 |   0.0
        D:3 |     108 |       0 |   0.0 |      22 |       0 |   0.0
        D:4 |     457 |       0 |   0.0 |      12 |       0 |   0.0
            +---------+---------+-------+---------+---------+-------
